 Dungeon Crawl Stone Soup version 0.30-a0-782-ge64f9170bb (webtiles) character file.

Game seed: 16093348497711080312

1978 jasper the Cleaver (level 9, -10/70 (81) HPs)
             Began as a Minotaur Fighter on Feb 18, 2023.
             Was a Priest of Makhleb.
             Mangled by a wight
             ... wielding a +0 dire flail
              (15 damage)
             ... on level 7 of the Dungeon.
             The game lasted 00:15:14 (5763 turns).

jasper the Cleaver (Minotaur Fighter)               Turns: 5763, Time: 00:15:14

HP:   -10/70 (81)   AC: 10    Str: 22    XL:     9   Next: 1%
MP:   8/8           EV: 10    Int:  5    God:    Makhleb [***...]
Gold: 368           SH:  5    Dex: 13    Spells: 8/8 levels left

rFire   . . .      SeeInvis .    a - +0 war axe (flame)
rCold   . . .      Faith    .    c - +0 buckler
rNeg    . . .      Spirit   .    d - +4 ring mail
rPois   .          Reflect  .    (helmet restricted)
rElec   .          Harm     .    (no cloak)
rCorr   .          Rampage  .    (no gloves)
Will    .....                    (no boots)
Stlth   +                        (no amulet)
HPRegen 0.31/turn                (no ring)
MPRegen 0.11/turn                (no ring)

@: heavily drained
A: horns 2, retaliatory headbutt
a: Renounce Religion, Minor Destruction, Lesser Servant of Makhleb


You were on level 7 of the Dungeon.
You worshipped Makhleb.
Makhleb was most pleased with you.
You visited 1 branch of the dungeon, and saw 7 of its levels.
You also visited: Ossuary.

You collected 393 gold pieces.
You spent 25 gold pieces at shops.

Inventory:

Hand Weapons
 a - a +0 war axe of flaming (weapon)
 f - a +0 flail
 q - a +0 war axe
Missiles
 h - 8 stones (quivered)
 t - 4 poisoned darts
 C - a boomerang
Armour
 b - a +1 scale mail
 c - a +0 buckler (worn)
 d - a +4 ring mail (worn)
 m - a +0 kite shield
 p - a +0 scale mail of cold resistance
Jewellery
 k - a ring of fire
 l - an amulet of faith
Wands
 n - a wand of digging (2)
 s - a wand of polymorph (5)
Scrolls
 g - 4 scrolls of fog
 i - 5 scrolls of teleportation
 o - a scroll of enchant armour
 r - a scroll of amnesia
Potions
 e - a potion of ambrosia
 j - 4 potions of haste
 v - 3 potions of mutation
 w - 2 potions of lignification {unknown}
 x - a potion of heal wounds {unknown}
 z - 2 potions of flight {unknown}
 A - a potion of brilliance {unknown}
 B - a potion of degeneration {unknown}


   Skills:
 + Level 7.9 Fighting
 * Level 10.2 Axes
 + Level 7.9 Armour
 - Level 3.6 Shields


You had 8 spell levels left.
You didn't know any spells.
Your spell library contained the following spells:

 Spells                   Type           Power      Damage    Failure   Level
 Magic Dart               Conj           0%         1d3       71%         1
 Sting                    Tmut/Pois      0%         1d3       71%         1
 Call Imp                 Summ           0%         N/A       85%         2
 Call Canine Familiar     Summ           0%         N/A       97%         3
 Ignite Poison            Fire/Tmut/Pois 0%         N/A       97%         3
 Kindle Blastsparks       Fire/Tloc/Air  0%         2d10      97%         3
 Mephitic Cloud           Conj/Pois/Air  0%         N/A       97%         3
 Portal Projectile        Hex/Tloc       0%         N/A       97%         3
 Tukima's Dance           Hex            0%         N/A       97%         3
 Leda's Liquefaction      Hex/Erth       0%         N/A       100%        4
 Blade Hands              Tmut           0%         N/A       100%        5
 Freezing Cloud           Conj/Ice/Air   0%         6-21      100%        5


Dungeon Overview and Level Annotations

Branches:
Dungeon (7/15)            Ossuary (visited)
 Temple: D:4-7

Altars:
Fedhas
Gozag
Makhleb
Vehumet
Yredelemnul

Shops:
D:1 ?[   D:3 *   D:6 *

Annotations:
D:2 Sigmund
D:4 exclusion: oklob plant
D:6 exclusion: statue, Dowan, Duvessa


Innate Abilities, Weirdness & Mutations

You have a pair of horns on your head.
You reflexively headbutt those who attack you in melee.


Message History

You regained 7 hp, and now have 80/81 hp.
MP restored: 8 You hit the wight.
You burn the wight.
You headbutt the wight, but do no damage.
The wight is moderately damaged.
You hit the wight. You burn the wight. Your headbutt misses the wight.
The wight is severely damaged.
You closely miss the wight. The wight hits you with a +3 mace!
You take 9 damage, and have 71/81 hp.
You completely miss the wight. Your headbutt misses the wight.
The wight is severely damaged.
You hit the wight but do no damage. You slash the wight! You burn the wight.
The wight hits you with a +0 great sword!
You feel drained. The wight hits you but does no damage.
The wight hits you with a +0 dire flail.
You feel drained.
The wight hits you with a +0 great sword!
The wight hits you with a +0 dire flail!
You feel drained. The wight hits you with a +3 mace.
* * * LOW HITPOINT WARNING * * *
You feel drained.
* * * LOW HITPOINT WARNING * * *
You take 54 damage, and have 17/72 hp.
MASSIVE DAMAGE!!
Okay, then.
Okay, then.
The wight closely misses you. You furiously retaliate!
You headbutt the wight! The wight attacks as you move away!
The wight misses you. The wight closely misses you.
The wight attacks as you move away! The wight hits you with a +3 mace.
* * * LOW HITPOINT WARNING * * *
You feel drained.
* * * LOW HITPOINT WARNING * * *
You take 3 damage, and have 15/70 hp.
The wight attacks as you move away!
The wight hits you with a +0 dire flail!
* * * LOW HITPOINT WARNING * * *
You take 10 damage, and have 5/70 hp.
The wight attacks as you move away!
The wight hits you with a +0 dire flail!
You die...

..... ###...........+
......##........<....#
.......).............#
.......#.............#####
##....###).#######........
#.... #...# #...'........
#... ##.z###...#........
#... ##zz##...#........
#.. #.@.###..##+#####. #..
##..#....##...
##............
##...........
#....####.... ##..... #+##
##..... ##...... ##.....


You could see 3 wights.

Vanquished Creatures
  Eustachio (D:5)
  2 ice beasts (D:5)
  An ogre (D:6)
  A centaur (D:5)
  Blork the orc (D:4)
  3 bullfrogs
  6 water moccasin zombies
  2 wights (D:7)
  6 killer bees (D:5)
  A bullfrog zombie (D:5)
  An orc priest (D:6)
  4 hounds
  An iguana (D:4)
  2 orc wizards (D:6)
  2 mummies (Ossuary)
  3 gnolls
  7 adders
  2 white imps
  5 ufetubi
  An adder zombie (Ossuary)
  A worm (D:3)
  5 dart slugs
  12 orcs
  2 bats
  An endoplasm (D:3)
  5 giant cockroaches
  5 gnoll zombies (Ossuary)
  8 goblins
  7 hobgoblins
  16 jackals
  6 kobolds
  3 quokkas
  7 ball pythons
  2 frilled lizards (D:3)
  5 hobgoblin zombies (Ossuary)
  7 kobold zombies (Ossuary)
  5 orc zombies (Ossuary)
  4 rats
153 creatures vanquished.

Vanquished Creatures (others)
  A fungus (D:3)
1 creature vanquished.

Grand Total: 154 creatures vanquished

Notes
Turn   | Place    | Note
-------+----------+-------------------------------------------
     0 | D:1      | jasper the Minotaur Fighter began the quest for the Orb.
     0 | D:1      | Reached XP level 1. HP: 19/19 MP: 0/0
    43 | D:1      | Found Nynabez's Magic Scroll Shop.
    65 | D:1      | Found Ampame's Armour Boutique.
   320 | D:1      | Reached XP level 2. HP: 27/27 MP: 1/1
   323 | D:1      | Reached skill level 3 in Axes
   966 | D:2      | Reached XP level 3. HP: 32/33 MP: 2/2
  1109 | D:2      | Reached skill level 4 in Axes
  1379 | D:2      | Noticed Sigmund
  1388 | D:1      | Reached XP level 4. HP: 40/40 MP: 3/3
  1703 | D:3      | Found a faded altar of an unknown god.
  1711 | D:3      | Got Plato's Dissertation on the Switch
  1800 | D:3      | Found a burning altar of Makhleb.
  1856 | D:3      | Became a worshipper of Makhleb the Destroyer
  1928 | D:3      | Found Menag's Assorted Antiques.
  1936 | D:3      | Bought a scroll labelled GUPOPO DAEST for 25 gold pieces
  2347 | D:4      | Reached XP level 5. HP: 43/47 MP: 4/4
  2389 | D:4      | Noticed Blork the orc
  2407 | D:4      | Reached skill level 5 in Axes
  2412 | D:4      | Killed Blork the orc
  2413 | D:4      | Reached skill level 5 in Fighting
  2413 | D:4      | Reached skill level 5 in Armour
  2575 | D:4      | Reached * piety under Makhleb
  2788 | D:4      | Found a sand-covered staircase.
  2800 | Ossuary  | Entered an ossuary
  2821 | Ossuary  | Reached XP level 6. HP: 56/56 MP: 5/5
  2862 | Ossuary  | Reached skill level 6 in Axes
  2910 | Ossuary  | Reached XP level 7. HP: 62/62 MP: 6/6
  2939 | Ossuary  | Reached ** piety under Makhleb
  3235 | D:4      | Reached skill level 7 in Axes
  3287 | D:4      | Found a blossoming altar of Fedhas.
  3305 | D:4      | Noticed an oklob plant
  3639 | D:5      | Entered Level 5 of the Dungeon
  3713 | D:5      | Found an opulent altar of Gozag.
  3795 | D:5      | Found a basalt altar of Yredelemnul.
  4308 | D:5      | Reached skill level 8 in Axes
  4441 | D:5      | Reached XP level 8. HP: 71/71 MP: 7/7
  4463 | D:5      | Noticed Eustachio
  4487 | D:5      | Killed Eustachio
  4745 | D:5      | Reached skill level 9 in Axes
  5202 | D:6      | Found a radiant altar of Vehumet.
  5325 | D:6      | Identified the +1 dagger of jasper's Quick Death {spect,
                  | *Slow Str+3 Int+3}
  5386 | D:6      | Found Qozuimya's General Store.
  5408 | D:6      | Reached skill level 10 in Axes
  5413 | D:6      | Reached *** piety under Makhleb
  5624 | D:6      | Noticed Duvessa
  5624 | D:6      | Noticed Dowan
  5754 | D:7      | Reached XP level 9. HP: 80/81 MP: 8/8
  5763 | D:7      | Mangled by a wight

Illustrated notes

Levels and vault maps discovered:
D:1:      lemuel_arrival_room, layout_basic, serial_shops, nicolae_shop_stone,
          shop
D:2:      layout_loops_ring, uniq_robin, uniq_crazy_yiuf_cottage, uniq_sigmund
D:3:      layout_rooms, mainiacjoe_overflow_boulevard,
          shapermc_ecumenical_altar_rom_forum, serial_shops,
          nicolae_shop_temple_entry_statues_fountains, minmay_puff
D:4:      layout_basic, tgw_fedhas, nicolae_ossuary_entry_monument,
          uniq_blork_the_orc
D:5:      layout_cave_pods, nicolae_gozag_seed_capital,
          lemuel_zombie_altar_yredelemnul, uniq_eustachio
D:6:      dreamdust_elfheim, layout_cave_pools, vehumet_statue, serial_shops,
          shop, roderic_roman_lattice
D:7:      layout_gridville, minmay_temple_entry_overgrown,
          nicolae_figureground_pulse, uniq_pikel

Skill      XL: |  1  2  3  4  5  6  7  8 |
---------------+-------------------------+-----
Axes           | 3 4 5 6 8 10 | 10.2
Fighting       | 4 5 6 7 |  7.9
Armour         | 4 5 6 7 |  7.9
Shields        | |  3.6

Action                     |  1- 3 |  4- 6 |  7- 9 || total
---------------------------+-------+-------+-------++-------
  Melee: War axe           |    65 |   112 |   168 ||   345
         Headbutt          |    11 |    19 |    33 ||    63
  Throw: Stone             |     5 |    20 |    18 ||    43
         Dart              |       |       |     4 ||     4
  Evoke: Wand              |       |       |     4 ||     4
    Use: Scroll            |     2 |     6 |     7 ||    15
         Potion            |       |     1 |     3 ||     4
 Armour: Scale mail        |    20 |    49 |     7 ||    76
         Ring mail         |       |       |    49 ||    49
  Dodge: Dodged            |    34 |    39 |    73 ||   146
  Block: Buckler           |    12 |    18 |    28 ||    58

Table legend: (Time is in decaauts)
 A = Elapsed time spent in this place.
 B = Non-inter-level travel time spent in this place.
 C = Inter-level travel time spent in this place.
 D = Time resting spent in this place.
 E = Time spent auto-exploring this place.
 F = Levels seen in this place.
 G = Mean time per level.
                   A        B        C        D        E       F      G
               +--------+--------+--------+--------+--------+-----+--------+
         Total |   5831 |   5623 |    208 |    718 |   3698 |   8 |  728.9 |
       Dungeon |   5523 |   5315 |    208 |    618 |   3615 |   7 |  789.0 |
       Ossuary |    308 |    308 |      0 |    100 |     83 |   1 |  308.0 |
               +--------+--------+--------+--------+--------+-----+--------+

Top non-repeatable levels by time:
     D:5: 1326 daAuts
     D:4: 1153 daAuts
     D:1: 979 daAuts
     D:3: 880 daAuts
     D:6: 632 daAuts
     D:2: 476 daAuts
 Ossuary: 308 daAuts
     D:7: 73 daAuts
